Map: Orbital Shipyard

Players

Neeb - Winner!

  • Race: Protoss Protoss
  • League: Grandmaster

HTOMario

  • Race: Terran Terran
  • League: Grandmaster

VOD

Have the link to the VOD?

Description

Time

  • Played on: Dec. 1, 2015, 8:35 p.m.
  • Length: 10:54
Show
View Real Time Build Order
Export as new Build Order

Neeb Protoss - Winner!

Build Orders: 1 Gate Expand 

Get SALT Encoding   

  12  0:01  Probe (Chrono Boost)  
  13  0:11  Probe (Chrono Boost)  
  14  0:18  Pylon  
  14  0:22  Probe (Chrono Boost)  
  15  0:36  Probe (Chrono Boost)  
  15  0:39  Gateway  
  16  0:47  Probe (Chrono Boost)  
  17  0:57  Probe (Chrono Boost)  
  17  0:58  Assimilator  
  18  1:08  Probe (Chrono Boost)  
  19  1:20  Probe (Chrono Boost)  
  19  1:21  Nexus  
  20  1:29  Cybernetics Core  
  21  1:33  Probe (Chrono Boost)  
  21  1:43  Probe (Chrono Boost), Pylon  
  21  1:47  Assimilator  
  22  1:54  Probe (Chrono Boost)  
  23  2:04  Probe (Chrono Boost)  
  24  2:09  Adept (Chrono Boost), Warp Gate  
  27  2:15  Probe  
  27  2:29  Mothership Core (Chrono Boost)  
  29  2:33  Pylon  
  28  2:37  Probe (Chrono Boost)  
  29  2:48  Probe (Chrono Boost), Robotics Facility  
  29  2:50  Probe (Chrono Boost)  
  31  2:59  Probe (Chrono Boost)  
  31  3:00  Probe (Chrono Boost)  
  33  3:09  Probe (Chrono Boost)  
  33  3:11  Probe (Chrono Boost)  
  35  3:13  Gateway  
  35  3:14  Gateway  
  36  3:20  Probe (Chrono Boost)  
  36  3:21  Probe (Chrono Boost)  
  37  3:29  Pylon  
  37  3:30  Probe (Chrono Boost)  
  37  3:32  Probe (Chrono Boost)  
  39  3:41  Probe (Chrono Boost)  
  40  3:42  Probe (Chrono Boost)  
  40  3:44  Assimilator x2  
  41  3:50  Probe (Chrono Boost)  
  41  3:52  Observer (Chrono Boost)  
  41  3:53  Probe  
  41  3:54  Twilight Council, Forge  
  42  4:00  Probe  
  43  4:05  Probe  
  44  4:11  Probe  
  44  4:12  Observer (Chrono Boost)  
  44  4:14  Sentry  
  44  4:15  Stalker x2  
  52  4:17  Probe  
  52  4:19  Pylon  
  52  4:22  Probe  
  53  4:28  Protoss Ground Armor Level 1  
  53  4:29  Probe  
  55  4:33  Probe, Observer (Chrono Boost)  
  57  4:41  Nexus  
  57  4:43  Probe  
  57  4:44  Probe  
  59  4:49  Observer (Chrono Boost), Blink (Chrono Boost)  
  60  4:55  Probe  
  60  4:56  Probe  
  59  5:05  Pylon  
  56  5:07  Probe  
  56  5:08  Observer  
  56  5:09  Probe  
  59  5:14  Pylon  
  59  5:17  Photon Cannon  
  59  5:19  Probe  
  59  5:21  Probe  
  61  5:29  Observer  
  61  5:30  Photon Cannon  
  61  5:31  Probe  
  61  5:33  Probe  
  64  5:42  Robotics Bay  
  64  5:43  Probe  
  64  5:45  Probe  
  66  5:50  Immortal  
  66  5:53  Probe  
  66  5:56  Probe  
  72  5:57  Probe  
  72  6:03  Gateway, Probe  
  73  6:04  Gateway  
  73  6:08  Probe  
  73  6:10  Probe  
  73  6:14  Gateway, Probe  
  74  6:20  Probe  
  74  6:22  Protoss Ground Armor Level 2  
  74  6:23  Probe  
  74  6:24  Forge  
  74  6:25  Probe  
  76  6:28  Disruptor  
  76  6:31  Pylon  
  77  6:33  Probe  
  77  6:35  Probe x2  
  83  6:45  Probe  
  83  6:46  Probe  
  82  6:47  Probe  
  82  6:53  Assimilator  
  83  6:54  Pylon, Assimilator  
  83  6:56  Probe  
  83  6:57  Resonating Glaives (Chrono Boost), Probe  
  83  6:59  Probe, Protoss Ground Weapons Level 1  
  86  7:05  Disruptor  
  86  7:07  Probe  
  86  7:08  Pylon  
  86  7:09  Probe  
  86  7:10  Photon Cannon  
  86  7:11  Probe  
  92  7:20  Stalker x3  
  92  7:21  Stalker x2  
  102  7:22  Stalker  
  102  7:26  Probe  
  102  7:27  Probe x2  
  107  7:30  Pylon  
  107  7:37  Disruptor, Pylon  
  107  7:39  Pylon  
  107  7:41  Robotics Facility  
  110  7:50  Nexus  
  110  7:52  Probe  
  110  7:53  Probe  
  110  7:54  Probe  
  113  8:06  Stalker x5  
  113  8:10  Disruptor, Pylon  
  123  8:14  Pylon  
  123  8:16  Pylon  
  126  8:25  Probe  
  123  8:30  Adept x5  
  133  8:36  Pylon x2  
  133  8:37  Probe  
  134  8:42  Disruptor  
  134  8:45  Disruptor  
  136  8:55  Stalker x4  
  138  8:56  Stalker  
  144  9:02  Assimilator  
  144  9:08  Assimilator  
  144  9:13  Disruptor  
  144  9:20  Stalker  
  144  9:21  Stalker x2  
  144  9:23  Disruptor  
  156  9:32  Adept  
  156  9:33  Adept x2  
  162  9:44  Disruptor  
  159  9:54  Disruptor  
  162  10:08  Stalker x5  
  162  10:09  Stalker  
  172  10:16  Gateway  
  172  10:17  Gateway  
  172  10:20  Gateway  
  172  10:22  Gateway  
  172  10:25  Gateway  
  172  10:26  Gateway  
Show
View Real Time Build Order
Export as new Build Order

HTOMario Terran 

Build Orders: Reaper Expand, MMM Bio 

Get SALT Encoding   

  12  0:00  SCV  
  13  0:12  SCV  
  14  0:18  Supply Depot  
  14  0:24  SCV  
  15  0:39  SCV  
  15  0:41  Barracks  
  16  0:45  Refinery  
  16  0:51  SCV  
  17  1:03  SCV  
  18  1:15  SCV  
  19  1:30  Orbital Command  
  19  1:31  Reaper  
  20  1:41  Command Center  
  20  1:53  Supply Depot  
  20  1:56  SCV  
  21  2:08  SCV  
  21  2:13  Barracks Reactor, Refinery  
  22  2:16  Bunker  
  22  2:20  SCV  
  23  2:25  Factory  
  23  2:32  SCV  
  23  2:45  SCV  
  24  2:53  Marine x2, Orbital Command  
  24  2:57  SCV  
  27  3:09  SCV, Widow Mine  
  27  3:10  Starport  
  27  3:12  Marine x2  
  31  3:19  SCV  
  33  3:21  SCV  
  34  3:30  Marine x2  
  34  3:31  SCV  
  34  3:33  SCV  
  38  3:43  SCV  
  38  3:46  Widow Mine  
  38  3:47  Medivac  
  43  3:48  Marine x2  
  43  3:53  Command Center  
  43  3:55  SCV  
  46  4:05  Supply Depot x2  
  46  4:13  Barracks  
  46  4:15  Barracks  
  46  4:21  Factory Tech Lab  
  46  4:26  SCV x2, Viking, Marine x2  
  46  4:29  Supply Depot  
  52  4:34  Refinery  
  52  4:38  SCV x2  
  52  4:41  Siege Tank  
  52  4:44  Marine x2  
  59  4:50  SCV x2  
  59  4:51  Supply Depot  
  61  4:55  Liberator  
  61  5:03  SCV x2  
  61  5:05  Marine  
  61  5:06  Marine x2  
  66  5:10  Orbital Command  
  69  5:14  Barracks Tech Lab  
  69  5:18  SCV x2  
  69  5:20  Siege Tank  
  74  5:25  Supply Depot  
  74  5:26  Supply Depot, Marine x2  
  76  5:29  Marine  
  76  5:32  SCV  
  76  5:33  SCV  
  79  5:37  Refinery  
  79  5:38  SCV  
  79  5:40  Marine  
  81  5:43  Orbital Command  
  81  5:44  Marine  
  81  5:47  Stimpack  
  82  5:51  SCV  
  83  6:02  Marine  
  83  6:03  Factory Reactor, Marauder x2  
  88  6:12  Combat Shields  
  88  6:13  Medivac  
  88  6:18  Engineering Bay  
  90  6:20  SCV x3, Engineering Bay  
  93  6:33  Marine  
  93  6:34  Marauder, Marine x2  
  98  6:46  SCV  
  95  6:58  Refinery  
  95  6:59  Command Center, SCV x2, Barracks  
  95  7:00  Terran Infantry Weapons Level 1, Terran Infantry Armor Level 1, Refinery, Barracks  
  95  7:01  Barracks  
  97  7:02  Missile Turret  
  97  7:03  Missile Turret  
  97  7:06  Missile Turret  
  97  7:07  Missile Turret  
  97  7:09  Missile Turret  
  97  7:11  Missile Turret  
  97  7:15  Marauder, Marine  
  100  7:16  Marauder  
  100  7:18  Medivac  
  100  7:19  Medivac  
  100  7:20  SCV x3  
  109  7:40  Armory  
  109  7:48  Barracks Reactor, Barracks Tech Lab x2  
  109  7:53  SCV  
  109  7:54  Liberator x2  
  109  7:55  Factory Tech Lab  
  109  8:01  SCV, Starport, Fusion Core  
  109  8:07  Sensor Tower  
  109  8:11  SCV, Marauder x2, Marine  
  121  8:13  SCV  
  122  8:23  Marauder  
  122  8:25  Marine x2  
  123  8:35  Command Center  
  123  8:36  Marauder  
  123  8:41  Marauder  
  81  8:55  Marine  
  81  8:56  Marauder x2, Marine x3  
  81  8:58  Marauder  
  93  9:02  Marauder  
  93  9:04  Liberator  
  93  9:05  Planetary Fortress  
  93  9:12  SCV x3  
  93  9:15  Marine x2  
  98  9:17  Marauder x2  
  98  9:21  Advanced Ballistics, Medivac x2  
  109  9:30  Supply Depot  
  109  9:31  Supply Depot  
  109  9:33  Marine  
  109  9:34  Marauder x2, Marine x2  
  113  9:39  Marauder x2  
  113  9:44  Marine  
  109  9:48  Orbital Command  
  109  9:51  Marine  
  104  9:54  Marine x2  
  104  9:55  Marauder x2  
  102  10:00  Marauder x2  
Tags
 
Add a new tag
Caveats
  • Supply blocks, unpowered buildings, or Contaminate may cause inaccurate times.
  • Supply counts are checked every 10 seconds.